 Dungeon Crawl Stone Soup version 0.23.0-3-gf3c87f2 (webtiles) character file.

Game seed: 5970893868973877569

1365 zishaf the Chiller (level 8, 0/67 HPs)
             Began as a Yellow Draconian Ice Elementalist on Feb 20, 2019.
             Was a Priest of Elyvilon.
             Slain by a killer bee (7 damage)
             ... on level 5 of the Dungeon.
             The game lasted 00:15:37 (7247 turns).

zishaf the Chiller (DrIE)                           Turns: 7247, Time: 00:15:38

Health: 0/67       AC:  6    Str: 10    XL:     8   Next: 38%
Magic:  15/15      EV: 13    Int: 19    God:    Elyvilon [***...]
Gold:   335        SH:  0    Dex: 11    Spells: 2/16 levels left

rFire    . . .     SeeInvis .   a - +3 hand axe (flame)
rCold    . . .     Gourm    .   (no shield)
rNeg     . . .     Faith    .   (armour unavailable)
rPois    .         Spirit   .   (helmet restricted)
rElec    .         Reflect  .   (no cloak)
rCorr    .         Harm     .   (no gloves)
MR       .....                  (no boots)
Stlth    ++........             (no amulet)
HPRegen  0.21/turn              (no ring)
MPRegen  0.14/turn              (no ring)

@: lethally poisoned (0 -> -1), short of breath
A: spit acid, unfitting armour, cold-blooded, AC +6
a: Breathe Acid, Lesser Healing, Heal Other, Purification, Divine Protection,
Renounce Religion


You were on level 5 of the Dungeon.
You worshipped Elyvilon.
Elyvilon was most pleased with you.
You were not hungry.

You visited 1 branch of the dungeon, and saw 6 of its levels.
You also visited: Ossuary.

You collected 335 gold pieces.

Inventory:

Hand Weapons
 a - a +3 hand axe of flaming (weapon)
 b - a +0 hunting sling
 j - a +0 club
Missiles
 c - 4 needles of sleeping
 g - 200 stones (quivered)
 h - 63 sling bullets
 l - 9 tomahawks
Wands
 o - a wand of flame (21)
 v - a wand of acid (6)
Scrolls
 i - 5 scrolls of identify
 n - 2 scrolls of enchant weapon
 p - 2 scrolls of immolation
 t - 3 scrolls of remove curse
Potions
 d - 2 potions of degeneration
 f - a potion of lignification
 k - 2 potions of haste
 m - 2 potions of agility
 q - 5 potions of curing
 r - a potion of heal wounds
 s - 2 potions of brilliance
 w - a potion of flight
Comestibles
 e - 10 rations
 u - 2 chunks of flesh


   Skills:
 + Level 4.8 Fighting
 - Level 3.0 Dodging
 - Level 2.0 Stealth
 + Level 4.6 Spellcasting
 + Level 4.0 Conjurations
 + Level 3.7 Summonings
 + Level 5.5 Ice Magic


You had 2 spell levels left.
You knew the following spells:

 Your Spells              Type           Power        Failure   Level  Hunger
a - Freeze                Ice            ####         1%          1    None
b - Ozocubu's Armour      Chrm/Ice       ##......     12%         3    ###....
c - Throw Frost           Conj/Ice       ###...       2%          2    #......
d - Summon Ice Beast      Ice/Summ       ###.....     19%         4    ####...
e - Throw Icicle          Conj/Ice       ###.....     19%         4    ####...

Your spell library contained the following spells:

 Spells                   Type           Power        Failure   Level  Hunger


Dungeon Overview and Level Annotations

Branches:
Dungeon (6/15)
 Temple: D:4-7

Altars:
Dithmenos
Elyvilon
Hepliaklqana
Nemelex Xobeh
Ru
Sif Muna

Annotations:
D:5 exclusions: door and ice beast


Innate Abilities, Weirdness & Mutations

You can spit globs of acid.
Your golden yellow scales are hard. (AC +6)
You cannot fit into any form of body armour.
You are cold-blooded and may be slowed by cold attacks.


Message History

The killer bee is moderately wounded.
You feel sick. The killer bee barely misses you.
The killer bee closely misses you. The killer bee misses you.
You closely miss the killer bee.
The killer bee is moderately wounded.
The killer bee stings you but does no damage.
The killer bee closely misses you.
You barely miss the killer bee.
The killer bee is moderately wounded.
You feel sick. The killer bee barely misses you.
The killer bee closely misses you. x2
You hit the killer bee. You burn the killer bee.
The killer bee is severely wounded.
The killer bee barely misses you. The killer bee completely misses you.
You barely miss the killer bee.
The killer bee is severely wounded.
You feel sick.
The killer bee stings you but does no damage.
The killer bee stings you!
You die...

########.#####
#............#
#.##########.# #.# #.# #.#
#.# #### #.# #.# #... #.#
#.# ####...
#.##########.########......
#.......yy@................
##....##.###.#.##.#....#...
#.....................####
#........##.###.......#
#........##...........####
#####.................'...
#..#..#.##.....##....####
#..#.......######....####
#..##...................#


You could see 2 killer bees.

Vanquished Creatures
  Grinder (D:3)
  An ogre (D:5)
  A big kobold (D:5)
  An elf zombie (Ossuary)
  A bullfrog (D:6)
  A scorpion (D:4)
  2 crimson imps
  A jelly (D:6)
  A quasit (D:5)
  3 orc wizards
  An orc priest (D:3)
  2 human zombies (Ossuary)
  Terence (D:2)
  An iguana (D:4)
  4 worker ants
  2 big kobold zombies (Ossuary)
  A hound skeleton (D:4)
  4 mummies (Ossuary)
  Robin (D:3)
  6 gnolls
  4 adders
  A shadow imp (D:5)
  2 oozes
  3 adder skeletons (D:4)
  5 worms
  2 dart slugs (D:1)
  3 leopard geckos
  19 orcs
  7 bats
  8 giant cockroaches
  A gnoll zombie (Ossuary)
  15 goblins
  17 hobgoblins
  9 jackals
  4 quokkas
  8 frilled lizards
  A goblin zombie (Ossuary)
  2 hobgoblin zombies (Ossuary)
  A jackal zombie (Ossuary)
  13 kobolds
  A kobold zombie (Ossuary)
  6 rats
168 creatures vanquished.

Vanquished Creatures (collateral kills)
  A hound zombie (Ossuary)
1 creature vanquished.

Grand Total: 169 creatures vanquished

Notes
Turn   | Place    | Note
-------+----------+-------------------------------------------
     0 | D:1      | zishaf the Draconian Ice Elementalist began the quest for
                  | the Orb.
     0 | D:1      | Reached XP level 1. HP: 14/14 MP: 3/3
   272 | D:1      | Reached XP level 2. HP: 22/22 MP: 3/5
   452 | D:1      | Reached skill level 1 in Fighting
   556 | D:1      | Reached XP level 3. HP: 20/28 MP: 6/6
  1415 | D:2      | Learned a level 2 spell: Throw Frost
  1419 | D:2      | Learned a level 3 spell: Ozocubu's Armour
  1478 | D:2      | Found a hazy altar of Hepliaklqana.
  1731 | D:2      | Noticed Terence
  1732 | D:2      | Found a deep blue altar of Sif Muna.
  1743 | D:2      | Killed Terence
  1743 | D:2      | Reached XP level 4. HP: 14/36 MP: 0/8
  2594 | D:3      | Noticed Robin
  2631 | D:3      | Killed Robin
  2632 | D:3      | Reached XP level 5. HP: 20/41 MP: 2/9
  2840 | D:3      | Learned a level 4 spell: Summon Ice Beast
  3118 | D:3      | Reached skill level 4 in Ice Magic
  3480 | D:2      | Reached skill level 1 in Summonings
  3992 | D:3      | Noticed Grinder
  3993 | D:3      | Paralysed by Grinder for 5 turns
  3998 | D:3      | Killed Grinder
  3998 | D:3      | Reached XP level 6. HP: 51/51 MP: 9/11
  4119 | D:3      | Found a faded altar of an unknown god.
  4260 | D:3      | Became a worshipper of Elyvilon the Healer
  4260 | D:3      | Reached * piety under Elyvilon
  4376 | D:4      | Your scales start taking on a golden yellow colour.
  4376 | D:4      | Reached XP level 7. HP: 56/57 MP: 9/12
  4756 | D:4      | Found a sacrificial altar of Ru.
  5395 | D:5      | Entered Level 5 of the Dungeon
  5399 | D:5      | Found a shadowy altar of Dithmenos.
  5509 | D:5      | Reached skill level 5 in Ice Magic
  5721 | D:5      | Reached ** piety under Elyvilon
  5833 | D:5      | Learned a level 4 spell: Throw Icicle
  5836 | D:5      | Found a sparkling altar of Nemelex Xobeh.
  6167 | D:5      | Reached XP level 8. HP: 31/67 MP: 6/14
  6623 | D:6      | Found a sand-covered staircase.
  6627 | Ossuary  | Entered an ossuary
  7151 | D:6      | Reached *** piety under Elyvilon
  7247 | D:5      | Slain by a killer bee

Skill      XL: |  1  2  3  4  5  6  7  8 |
---------------+-------------------------+-----
Stealth        | 2 |  2.0
Dodging        | 2 3 |  3.0
Fighting       | 1 2 3 4 |  4.8
Spellcasting   | 3 4 |  4.6
Ice Magic      | 4 5 |  5.5
Summonings     | 1 2 3 |  3.7
Conjurations   | 2 3 4 |  4.0

Action                   |  1- 3 |  4- 6 |  7- 9 || total
-------------------------+-------+-------+-------++-------
Melee: Unarmed           |    11 |       |       ||    11
       Club              |    28 |       |       ||    28
       Tailslap          |     7 |     6 |    10 ||    23
       Hand axe          |       |   105 |    81 ||   186
 Fire: Hunting sling     |       |     7 |       ||     7
Throw: Stone             |     1 |       |       ||     1
 Cast: Freeze            |    73 |    34 |    89 ||   196
       Throw Frost       |       |     3 |     3 ||     6
       Ozocubu's Armour  |       |     1 |       ||     1
       Summon Ice Beast  |       |       |     2 ||     2
 Abil: Breathe Acid      |       |       |     9 ||     9
Evoke: Wand              |       |     2 |       ||     2
  Use: Scroll            |       |       |    15 ||    15
       Potion            |       |       |     1 ||     1
 Stab: Sleeping          |       |     8 |       ||     8
       Distracted        |       |       |     1 ||     1
  Eat: Chunk             |     3 |     6 |     9 ||    18
       Ration            |       |     1 |     1 ||     2
Armor: Skin              |    30 |    45 |    69 ||   144
Dodge: Dodged            |    60 |   117 |   177 ||   354
